AoeStats
← COTS^99.99%

Arena

504236608Analyzed
4v4 RM · 28d ago on Sep 4, 2026· 53m 15s· 8 players
Game mode
Random Map
Map size
Large (8 player)
Population
200
Speed
Normal
Resources
Standard
Victory
Conquest
Starting age
Dark Age
Ending age
Imperial Age
RankedLock teamsTeams togetherTeam positionsShared explorationLock speedFull tech treeHidden civsTurbo modeCheats
Victory
Defeat
🇩🇪 Celts · Germany
1381
+12
🇵🇰 Teutons · Pakistan
1370
+12
🇪🇸 Poles · Spain
1225
+19
🇯🇵 Koreans · Japan
1178
+21
🇹🇼 Berbers · Taiwan
1351
-19
🇨🇳 Celts · China
1330
-18
🇯🇵 Poles · Japan
1278
-16
🇨🇳 Wei · China
1185
-11
Anago
11:38 Feudal Age
15:11 Castle Age
13:24 Horse Collar
15:09 Scale Barding Armor
15:14 Loom
16:22 Heavy Plow
28:04 Wheelbarrow
27:17 Town Watch
30:36 Szlachta Privileges
31:38 Chain Barding Armor
31:28 Forging
34:29 Imperial Age
32:59 Bloodlines
32:50 Husbandry
33:52 Iron Casting
33:27 Double-Bit Axe
36:32 Conscription
36:11 Cavalier
46:54 Blast Furnace
46:59 Scale Mail Armor
47:30 Fortified Wall
49:22 Chain Mail Armor
51:14 Plate Mail Armor
51:27 Hand Cart
master
9:54 Feudal Age
13:43 Castle Age
11:57 Double-Bit Axe
14:07 Loom
14:50 Town Watch
14:57 Horse Collar
23:26 Wheelbarrow
26:02 Gold Mining
29:28 Imperial Age
28:29 Bow Saw
28:45 Stone Mining
28:55 Fletching
29:46 Kasbah
30:29 Bodkin Arrow
31:27 Elite Camel Archer
32:41 Padded Archer Armor
34:00 Bracer
35:40 Chemistry
34:59 Leather Archer Armor
35:37 Fortified Wall
35:29 Husbandry
35:40 Bloodlines
39:08 Thumb Ring
40:43 Light Cavalry
41:29 Scale Barding Armor
41:36 Forging
41:38 Hussar
46:34 Ballistics
46:40 Hand Cart
50:53 Chain Barding Armor
COTS^99.99%
4:57 Loom
7:11 Loom
9:32 Feudal Age
10:08 Double-Bit Axe
10:05 Horse Collar
11:02 Wheelbarrow
11:09 Stone Mining
11:09 Gold Mining
18:06 Castle Age
19:22 Bow Saw
19:50 Stone Shaft Mining
19:50 Gold Shaft Mining
19:34 Heavy Plow
25:34 Hand Cart
30:32 Imperial Age
28:25 Forging
28:15 Scale Mail Armor
28:20 Scale Barding Armor
29:23 Scale Barding Armor
29:53 Iron Casting
29:13 Fletching
29:24 Padded Archer Armor
29:13 Town Watch
30:49 Town Patrol
31:11 Chain Barding Armor
30:50 Bodkin Arrow
31:10 Leather Archer Armor
30:37 Heavy Hei Guang Cavalry
31:28 Bloodlines
31:18 Husbandry
32:20 Blast Furnace
32:33 Blast Furnace
32:19 Ballistics
32:59 Chemistry
31:41 Treadmill Crane
31:57 Murder Holes
33:05 Conscription
33:10 Ming Guang Armor
36:32 Heavy Scorpion
40:08 Parthian Tactics
49:26 Light Cavalry
50:10 Hussar
50:54 Bracer
51:24 Ring Archer Armor
野象
11:16 Feudal Age
12:16 Loom
14:19 Gold Mining
14:19 Double-Bit Axe
14:16 Horse Collar
32:20 Castle Age
34:07 Heavy Plow
34:21 Bow Saw
38:35 Imperial Age
39:59 Sappers
42:49 Hoardings
41:46 Sappers
45:22 Sappers
46:20 Conscription
Runxi24
10:37 Feudal Age
11:09 Loom
14:47 Castle Age
15:02 Double-Bit Axe
16:16 Scale Barding Armor
16:32 Bow Saw
16:36 Loom
17:16 Horse Collar
22:31 Gold Mining
23:20 Bloodlines
23:11 Husbandry
24:18 Heavy Plow
25:37 Wheelbarrow
25:11 Szlachta Privileges
28:09 Chain Barding Armor
29:57 Forging
30:55 Hand Cart
30:35 Light Cavalry
35:49 Imperial Age
34:27 Iron Casting
34:53 Stone Mining
37:49 Conscription
37:05 Cavalier
38:53 Blast Furnace
42:42 Crop Rotation
48:22 Fletching
49:46 Chemistry
168kcal
10:57 Feudal Age
14:49 Castle Age
13:06 Double-Bit Axe
13:02 Horse Collar
14:24 Stone Mining
14:26 Gold Mining
16:21 Loom
19:10 Bow Saw
23:24 Wheelbarrow
25:00 Fletching
27:08 Bodkin Arrow
27:01 Town Watch
29:25 Heavy Plow
33:43 Imperial Age
31:28 Hand Cart
31:36 Arson
31:52 Squires
31:13 Pikeman
32:03 Scale Mail Armor
32:13 Forging
33:16 Chain Mail Armor
34:52 Iron Casting
33:46 Elite Fire Lancer
35:19 Plate Mail Armor
35:33 Conscription
36:27 Chemistry
38:22 Two-Man Saw
36:58 Halberdier
39:33 Gambesons
39:51 Bracer
41:01 Eupseong
41:33 Ballistics
40:55 Treadmill Crane
41:11 Murder Holes
42:24 Town Patrol
42:38 Masonry
46:14 Siege Engineers
46:49 Eupseong
48:03 Fortified Wall
49:03 Architecture
49:09 Heavy Rocket Cart
Thronx
10:06 Feudal Age
14:00 Castle Age
12:28 Double-Bit Axe
13:02 Horse Collar
15:21 Wheelbarrow
15:48 Bow Saw
18:32 Loom
22:01 Heavy Plow
23:15 Gold Mining
28:15 Imperial Age
26:54 Hand Cart
27:01 Hand Cart
26:34 Town Watch
26:55 Pikeman
27:38 Scale Mail Armor
28:57 Chain Mail Armor
30:09 Siege Engineers
31:34 Ballistics
31:18 Heavy Scorpion
32:06 Capped Ram
32:49 Siege Ram
33:39 Halberdier
34:33 Forging
36:35 Chemistry
37:14 Plate Mail Armor
36:38 Stronghold
37:48 Arson
38:40 Iron Casting
39:01 Furor Celtica
40:57 Fortified Wall
41:01 Masonry
41:33 Gold Shaft Mining
40:48 Stone Mining
41:49 Onager
46:00 Coinage
48:41 Banking
50:38 Blast Furnace
Horizon
5:48 Loom
8:43 Feudal Age
7:45 Loom
10:27 Fletching
19:31 Horse Collar
21:05 Wheelbarrow
24:13 Town Watch
27:37 Castle Age
28:07 Double-Bit Axe
33:37 Hand Cart
34:33 Gold Mining
35:05 Bodkin Arrow
35:21 Padded Archer Armor
35:54 Crossbowman
40:12 Imperial Age
37:55 Stone Mining
39:45 Ballistics
40:42 Scale Mail Armor
40:52 Forging
40:08 Pikeman
40:37 Gambesons
40:52 Squires
40:58 Halberdier
41:57 Chain Mail Armor
42:06 Bow Saw
45:04 Coinage
45:10 Plate Mail Armor
45:16 Iron Casting
45:49 Chemistry
48:16 Masonry
50:00 Siege Engineers
Connection lost

Rejoining the realm…

Still unreachable

The connection could not be restored.

Session expired

The server has moved on; the page needs a fresh start.